 Dungeon Crawl Stone Soup version 0.22-a0-231-g1b571ea (webtiles) character file.

34790 Amnesiac the Spry (level 13, 0/66 HPs)
             Began as a Spriggan Artificer on Feb 20, 2018.
             Was an Initiate of Gozag.
             Killed by divine providence
             ... invoked by a sphinx
              (10 damage)
             ... on level 1 of the Depths.
             The game lasted 00:55:39 (21482 turns).

Amnesiac the Spry (Spriggan Artificer)             Turns: 21482, Time: 00:55:39

Health: 0/66       AC:  5    Str: 17    XL:     13   Next: 44%
Magic:  0/25       EV: 31    Int: 13    God:    Gozag
Gold:   2878       SH:  0    Dex: 17    Spells: 5/22 levels left

rFire    . . .     SeeInvis +   D - +2 dagger (distort)
rCold    . . .     Gourm    .   (shield restricted)
rNeg     . . .     Faith    .   l - +1 robe
rPois    .         Spirit   +   L - +2 hat
rElec    .         Reflect  .   (no cloak)
rCorr    .         Harm     .   (gloves unavailable)
MR       ++...                  (boots unavailable)
Stlth    ++++++....             o - amulet of guardian spirit
HPRegen  0.21/turn              e - +5 ring of strength
MPRegen  0.19/turn              (no ring)

@: lethally poisoned (0 -> 0), very quick
A: very small, unfitting armour, see invisible, herbivore, speed 3, slow
metabolism 2
a: Potion Petition, Call Merchant, Bribe Branch, Renounce Religion


You were on level 1 of the Depths.
You worshipped Gozag.
Gozag was most pleased with you.
You were not hungry.

You visited 2 branches of the dungeon, and saw 16 of its levels.
You also visited: Sewer.

You collected 3824 gold pieces.
You spent 577 gold pieces at shops.
You paid 369 gold pieces to Gozag.

Inventory:

Hand Weapons
 b - a +4 scimitar of flaming
 C - a +1 dagger of protection
 D - a +2 dagger of distortion (weapon)
 H - a +2 dagger of flaming
 N - a +0 dagger of venom
 V - a +0 blowgun
 Z - a +4 scimitar of flaming
Missiles
 s - 82 poisoned needles
 S - 2 throwing nets (quivered)
Armour
 l - a +1 robe (worn)
 L - a +2 hat (worn)
Magical Staves
 t - an uncursed staff of wizardry {unknown}
 X - an uncursed staff of death {unknown}
Jewellery
 e - a +5 ring of strength (left hand)
 h - an uncursed ring of fire
 o - an amulet of guardian spirit (around neck)
 W - an uncursed amulet of rage
Wands
 c - a wand of flame (21)
 d - a wand of enslavement (14)
 r - a wand of acid (6)
 E - a wand of polymorph (12)
 M - a wand of paralysis (2)
 O - a wand of digging (33)
 P - a wand of iceblast (14)
Scrolls
 i - a scroll of holy word {!r}
 k - 4 scrolls of enchant armour {!r}
 m - a scroll of blinking {!r}
 v - 2 scrolls of enchant weapon {!r}
 y - 6 scrolls of teleportation {!r}
 A - 3 scrolls of amnesia {!r}
 G - a scroll of silence {!r}
 I - 4 scrolls of identify {!r}
 R - a scroll of magic mapping {!r}
 U - 2 scrolls of fog {!r}
Potions
 g - 3 potions of might {!q}
 n - 4 potions of cancellation {!q}
 p - 3 potions of ambrosia {!q}
 q - 2 potions of brilliance {!q}
 u - 8 potions of curing {!q}
 x - 2 potions of haste {!q}
 z - 3 potions of resistance {!q}
 B - 2 potions of berserk rage {!q}
 F - 3 potions of flight {!q}
 J - a potion of mutation {!q}
 K - 2 potions of agility {!q, unknown}
 Y - a potion of heal wounds {!q}
Miscellaneous
 j - a phantom mirror
 Q - a phial of floods
Comestibles
 f - 9 rations


   Skills:
 + Level 6.6 Fighting
 - Level 10.0 Short Blades
 - Level 15.5 Dodging
 - Level 15.0 Stealth
 - Level 5.0 Spellcasting
 - Level 5.0 Hexes
 - Level 15.0 Evocations


You had 5 spell levels left.
You knew the following spells:

 Your Spells              Type           Power        Failure   Level  Hunger
a - Ensorcelled Hibernat  Hex/Ice        #.....       10%         2    ##.....
b - Dazzling Spray        Conj/Hex       #.....       21%         3    ###....
c - Mephitic Cloud        Conj/Pois/Air  #.......     50%         3    ###....
e - Confuse               Hex            ###.....     7%          3    ###....
s - Conjure Flame         Conj/Fire      #.......     50%         3    ###....
w - Tukima's Dance        Hex            ###.....     7%          3    ###....


Dungeon Overview and Level Annotations

Branches:
Dungeon (15/15)            Temple (0/1) D:7            Lair (0/6) D:8
    Orc (0/2) D:12         Vaults (0/5) D:13         Depths (1/5) D:15

Altars:
Ashenzari
Dithmenos
Fedhas
Gozag
Hepliaklqana
Kikubaaqudgha
Nemelex Xobeh
Okawaru
Sif Muna
Uskayaw
Vehumet
Yredelemnul
The Shining One

Shops:
D:8 *   D:10 %   D:15 ?![[

Portals:
Hell: Depths:1
Trove: D:10 (give horn of Geryon)

Annotations:
Depths:1 exclusions: stone giant and ugly thing


Innate Abilities, Weirdness & Mutations

You are very small and have problems with some larger weapons.
You are too small for most types of armour.
You have supernaturally acute eyesight. (SInv)
You are a herbivore.
You cover ground extremely quickly.
You need consume almost no food.


Message History

Found a scroll of remove curse.
An ugly thing and a sphinx come into view.
You feel sick.
A purple ugly thing comes into view.
There is an open door here.
A purple ugly thing comes into view.
You feel sick.
The centaur warrior shouts!
You hear a shout!
The purple ugly thing gurgles horribly! x2
The purple ugly thing completely misses you.
The purple ugly thing gurgles horribly!
The fire dragon roars deafeningly!
The deep troll shaman shouts!
The deep troll shouts!
You hear a shout!
Evoke which item? (* to show all) (? for menu, Esc to quit)
Okay, then.
Okay, then.
Press: ? - help, v - describe, . - travel, g - get item A hardcover book.
The floor.
Unknown command.
A centaur and an ettin come into view.
The purple ugly thing gurgles horribly!
The centaur shouts!
You hear a shout!
The ettin shouts in stereo!
You hear a shout!
A glowing orange brain comes into view.
The centaur shouts!
The centaur wields a shortbow.
The centaur shoots an arrow.
The arrow barely misses you.
The centaur warrior wields a longbow.
The centaur warrior shoots an arrow.
The arrow closely misses you.
There is an open door here.
You see here an arrow.
You feel sick.
The centaur warrior shoots an arrow.
The arrow hits you!
You see here an arrow.
The centaur wields a shortbow.
The centaur shoots an arrow.
The arrow hits you!
* * * LOW HITPOINT WARNING * * *
The rakshasa blinks!
You see here an arrow.
You feel sick.
Casting: Confuse (safe; 7% risk of failure)
Confirm with . or Enter, or press ? or * to list all spells.
Aiming: Confuse (safe; 7% risk of failure)
Press: ? - help, Shift-Dir - straight line, f - purple ugly thing
Aim: a purple ugly thing (chance to defeat MR: 29%)
The purple ugly thing easily resists.
Casting: Confuse (safe; 7% risk of failure)
Confirm with . or Enter, or press ? or * to list all spells.
Aiming: Confuse (safe; 7% risk of failure)
Press: ? - help, Shift-Dir - straight line, f/p - purple ugly thing
Aim: a purple ugly thing (chance to defeat MR: 29%)
The purple ugly thing easily resists.
Casting: Confuse (safe; 7% risk of failure)
Confirm with . or Enter, or press ? or * to list all spells.
Aiming: Confuse (safe; 7% risk of failure)
Press: ? - help, Shift-Dir - straight line, f/p - brown ugly thing
Aim: a brown ugly thing (chance to defeat MR: 29%)
The brown ugly thing appears confused.
Unknown command.
You feel sick.
The centaur warrior shoots an arrow.
The arrow hits you!!
* * * LOW HITPOINT WARNING * * *
The brown ugly thing engulfs the purple ugly thing.
The purple ugly thing is splashed with acid.
The acid corrodes the purple ugly thing!
The sphinx casts a spell.
Something smites you!
You die...
Your body crumbles into a pile of gold.

#...#..##.........#...?#..
##.##..##.........#R§.H#..
#.##..##.........#.###.#T
#.##...#.......c.#'#...:.
#####.##.#.#...c...ccH...T#.#
###........#.#...c...cu..D.....
........####.#.#'####'#.u..#.#.
#.#.####<........####H#.?......
# #......@...uuu((...#.#.#
#.###...######.#........ #.#
#..># #.#..#G#.#. #.# #.#.#
#.#.(...... ... #.#.#
#.#.#.#.#.# #.# #.#.#
#.##....... #.# # #.# #.#
.#.#.# #.# ... ... # ..


You could see a sphinx, 3 ugly things, a centaur warrior and 2 centaurs.

Vanquished Creatures
  The ghost of Azzok the Covert, a journeyman GnEn of Okawaru (D:14)
  3 vault guards
  2 centaur warriors (D:13)
  A deep troll shaman (D:15)
  A two-headed ogre (D:12)
  A deep troll earth mage (Depths:1)
  Urug (D:14)
  2 deep trolls (D:15)
  3 unseen horrors
  2 wizards
  A necromancer (D:15)
  2 deep elf magi (D:15)
  8 ugly things
  4 cyclopes
  A naga mage (D:15)
  4 centaur skeletons (D:15)
  2 guardian serpents (D:14)
  A komodo dragon (D:12)
  2 efreet (D:13)
  2 trolls
  A hornet (D:9)
  A slave (D:4)
  3 meliai (D:15)
  2 hippogriffs
  A meliai zombie (D:14)
  A slime creature (D:12)
  2 shadows
  A vampire (D:15)
  8 yaks
  5 wyverns
  A wraith (D:15)
  A golden eye (shapeshifter) (D:15)
  3 vampire mosquitoes (D:14)
  A steam dragon (D:8)
  2 acid dragons
  2 water moccasins (D:10)
  5 orc warriors
  2 ice beasts
  5 black bears
  2 phantoms
  9 sky beasts
  9 ogres
  A hornet zombie (D:15)
  A necrophage (D:9)
  4 centaurs
  A crocodile (D:8)
  A big kobold (shapeshifter) (D:15)
  2 big kobolds (D:11)
  A wyvern zombie (D:14)
  14 bullfrogs
  2 scorpions
  A troll skeleton (D:8)
  12 wights
  4 centaur zombies
  5 crimson imps
  A bullfrog zombie (D:12)
  3 hounds
  7 orc priests
  3 human zombies (D:8)
  4 jellies
  11 orc wizards
  Jessica (D:2)
  A human skeleton (D:8)
  2 iguanas
  6 worker ants
  A killer bee zombie (D:9)
  A hound zombie (D:11)
  A hound skeleton (D:5)
  A mummy (D:8)
  A howler monkey skeleton (D:10)
  4 gnolls (D:2)
  10 adders
  3 shadow imps
  A white imp (D:5)
  10 oozes
  An adder skeleton (D:9)
  A dart slug (D:1)
  3 worms
  23 leopard geckos
  45 orcs
  13 giant cockroaches
  4 goblins
  5 hobgoblins
  8 jackals
  20 kobolds
  5 quokkas
  15 ball pythons
  5 bats
  6 frilled lizards
  A leopard gecko zombie (D:5)
  An orc zombie (D:8)
  6 rats
  A spectral orc (D:2)
  2 bushes (D:15)
397 creatures vanquished.

Vanquished Creatures (collateral kills)
  A two-headed ogre (D:12)
  An orc priest (D:5)
  An orc wizard (D:5)
  An adder (D:5)
  2 orcs (D:5)
6 creatures vanquished.

Vanquished Creatures (others)
  A two-headed ogre (D:8)
  Pikel (D:4)
  An ugly thing (D:12)
  A deep elf mage (D:14)
  A centaur zombie (D:12)
  A rust devil (Depths:1)
  5 yaks
  3 dancing weapons
  A sky beast (D:9)
  A centaur (D:4)
  A slave (D:4)
  A bullfrog (D:12)
  2 wights (D:8)
  2 orc wizards
  A bullfrog skeleton (D:5)
  2 hounds
  A howler monkey skeleton (D:11)
  2 adders (D:5)
  A bush (D:15)
29 creatures vanquished.

Grand Total: 432 creatures vanquished

Notes
Turn   | Place    | Note
-------+----------+-------------------------------------------
     0 | D:1      | Amnesiac the Spriggan Artificer began the quest for the Orb.
     0 | D:1      | Reached XP level 1. HP: 9/9 MP: 4/4
   398 | D:2      | Reached XP level 2. HP: 12/14 MP: 6/6
   599 | D:2      | Noticed an ogre
   781 | D:2      | Killed an ogre
   781 | D:2      | Reached XP level 3. HP: 16/17 MP: 6/8
   781 | D:2      | Reached XP level 4. HP: 20/21 MP: 6/9
   806 | D:2      | Found a shattered altar of Ashenzari.
   853 | D:2      | Found a radiant altar of Vehumet.
  1654 | D:4      | Noticed a slave
  1794 | D:4      | Reached XP level 5. HP: 20/25 MP: 10/10
  1866 | D:4      | Reached skill level 1 in Fighting
  1991 | D:4      | Noticed a slave
  1999 | D:4      | Noticed a slave
  2002 | D:4      | Noticed Pikel
  2003 | D:4      | Noticed a slave
  2021 | D:4      | Noticed a centaur
  2026 | D:4      | Your ally died
  2029 | D:4      | Killed a centaur
  2304 | D:4      | Killed a freed slave
  2470 | D:5      | Entered Level 5 of the Dungeon
  2470 | D:5      | Noticed a black bear
  2666 | D:5      | Reached XP level 6. HP: 20/30 MP: 12/12
  2772 | D:5      | Found a sparkling altar of Nemelex Xobeh.
  2785 | D:5      | HP: 1/30 [orc/wand of flame (17) (9)]
  2854 | D:5      | Found a glowing drain.
  2909 | D:5      | Found an opulent altar of Gozag.
  2914 | D:5      | Became a worshipper of Gozag Ym Sagoz the Greedy
  3259 | Sewer    | Entered a sewer
  3936 | Sewer    | Reached XP level 7. HP: 35/35 MP: 14/14
  3943 | Sewer    | Reached skill level 5 in Dodging
  4963 | D:2      | Found a basalt altar of Yredelemnul.
  5171 | D:2      | Noticed Jessica
  5181 | D:2      | Killed Jessica
  6044 | D:3      | Found a faded altar of an unknown god.
  7044 | D:5      | Reached XP level 8. HP: 23/40 MP: 16/16
  7515 | D:6      | Reached skill level 10 in Evocations
  8309 | D:6      | Found an iron altar of Okawaru.
  8318 | D:6      | Reached XP level 9. HP: 43/46 MP: 18/18
  8556 | D:7      | Found a hazy altar of Hepliaklqana.
  8695 | D:7      | Found a staircase to the Ecumenical Temple.
  9313 | D:7      | Found a hide-covered altar of Uskayaw.
  9388 | D:7      | Reached skill level 5 in Fighting
 10003 | D:8      | Found Leeress's Assorted Antiques.
 10013 | D:8      | Bought a scroll labeled DEQALITTE HYUN for 29 gold pieces
 10013 | D:8      | Bought a murky blue potion for 26 gold pieces
 10013 | D:8      | Bought a scroll labeled QERPHO FADDUWE for 29 gold pieces
 10013 | D:8      | Bought a runed hat for 203 gold pieces
 10013 | D:8      | Bought a gold wand for 116 gold pieces
 10019 | D:8      | Bought a scroll of identify for 58 gold pieces
 10019 | D:8      | Bought 2 scrolls of identify for 116 gold pieces
 10189 | D:8      | Identified Icwydghuoq's Volume of Flying Combat Magic
 10208 | D:8      | Noticed a two-headed ogre
 10238 | D:8      | Banished a two-headed ogre
 10238 | D:8      | Reached skill level 5 in Short Blades
 10262 | D:8      | Found a shadowy altar of Dithmenos.
 10412 | D:8      | Found a deep blue altar of Sif Muna.
 10484 | D:8      | Noticed a komodo dragon
 10547 | D:8      | Reached skill level 5 in Stealth
 10547 | D:8      | Reached XP level 10. HP: 41/51 MP: 16/20
 10584 | D:8      | Found a staircase to the Lair.
 10890 | D:8      | Found an ancient bone altar of Kikubaaqudgha.
 11414 | D:9      | Found a glowing golden altar of the Shining One.
 11523 | D:9      | Found a blossoming altar of Fedhas.
 11770 | D:10     | Entered Level 10 of the Dungeon
 12164 | D:10     | Found a portal to a secret trove of treasure.
 12437 | D:10     | Found Genice's Food Boutique.
 12683 | D:10     | Reached skill level 10 in Stealth
 12930 | D:10     | Noticed a wizard
 12945 | D:10     | Killed a wizard
 13386 | D:11     | Reached XP level 11. HP: 56/56 MP: 21/21
 13459 | D:11     | Noticed an unseen horror
 13471 | D:11     | Killed an unseen horror
 13471 | D:11     | Reached skill level 10 in Short Blades
 13659 | D:11     | Noticed a white ugly thing
 13929 | D:11     | Killed a white ugly thing
 14520 | D:12     | Noticed a two-headed ogre
 14533 | D:12     | Noticed a two-headed ogre
 14544 | D:12     | Killed a two-headed ogre
 14552 | D:12     | Reached skill level 10 in Dodging
 14576 | D:12     | Noticed a red ugly thing
 14591 | D:12     | Learned a level 3 spell: Confuse
 14622 | D:12     | Killed a white ugly thing
 14622 | D:12     | Reached skill level 1 in Spellcasting
 14622 | D:12     | Reached skill level 1 in Hexes
 14720 | D:12     | Noticed a white ugly thing
 14734 | D:12     | Banished a white ugly thing
 14770 | D:12     | Learned a level 2 spell: Ensorcelled Hibernation
 14774 | D:12     | Learned a level 3 spell: Tukima's Dance
 14778 | D:12     | Learned a level 3 spell: Dazzling Spray
 14782 | D:12     | Learned a level 3 spell: Conjure Flame
 15285 | D:12     | Found a staircase to the Orcish Mines.
 15349 | D:12     | Killed a two-headed ogre
 15542 | D:12     | Found a staircase to the Orcish Mines.
 15736 | D:13     | Noticed a centaur warrior
 15743 | D:13     | Killed a centaur warrior
 15764 | D:13     | Noticed an unseen horror
 15772 | D:13     | Noticed a vault guard
 15790 | D:12     | Killed an unseen horror
 15889 | D:13     | Reached skill level 5 in Spellcasting
 15907 | D:13     | Noticed a centaur warrior
 15914 | D:13     | Noticed a vault guard
 15956 | D:12     | Reached skill level 5 in Hexes
 16126 | D:12     | Killed a vault guard
 16378 | D:12     | Found a staircase to the Orcish Mines.
 16695 | D:12     | HP: 2/56 [poisoned by a worker ant]
 17135 | D:13     | Reached XP level 12. HP: 61/61 MP: 16/23
 17156 | D:13     | Noticed a vault guard
 17161 | D:13     | Killed a vault guard
 17601 | D:12     | Banished a vault guard
 17709 | D:13     | Killed a centaur warrior
 17847 | D:13     | Learned a level 3 spell: Mephitic Cloud
 17873 | D:13     | Noticed a vault guard
 18070 | D:13     | Found a gate to the Vaults.
 18562 | D:13     | Killed a vault guard
 18669 | D:14     | Found an ancient bone altar of Kikubaaqudgha.
 18692 | D:14     | Reached skill level 15 in Evocations
 18878 | D:14     | Noticed Azzok's ghost (journeyman GnEn)
 18900 | D:14     | Killed Azzok's ghost
 19158 | D:14     | Noticed Urug
 19197 | D:14     | Killed Urug
 19215 | D:14     | Reached skill level 15 in Dodging
 19711 | D:15     | Entered Level 15 of the Dungeon
 19896 | D:15     | Reached XP level 13. HP: 66/66 MP: 15/25
 20038 | D:15     | Found Tuyf's Distillery.
 20131 | D:15     | Found Sanui's Armour Shop.
 20147 | D:15     | Found Jur Vuo's Magic Scroll Emporium.
 20489 | D:15     | Found a staircase to the Depths.
 20563 | D:15     | Found Heib's Antique Armour Shoppe.
 20945 | Depths:1 | Entered Level 1 of the Depths
 21327 | Depths:1 | Noticed a stone giant
 21423 | Depths:1 | Reached skill level 15 in Stealth
 21426 | Depths:1 | Found a gateway to Hell.
 21434 | Depths:1 | Noticed a stone giant
 21456 | Depths:1 | Found a shattered altar of Ashenzari.
 21461 | Depths:1 | Noticed a fire dragon
 21464 | Depths:1 | Noticed a sphinx
 21468 | Depths:1 | Noticed an ettin
 21482 | Depths:1 | Killed from afar by a sphinx

Vault maps used:
D:1:      scummos_arrival_checkerplants
D:2:      marbit_many_paths, ashenzari_conservatory_becter,
          yredelemnul_forgotten_temple_becter, minmay_misc_feat_tiny,
          uniq_jessica
D:3:      chequers_ecumenical_altar_island, serial_bayou_lagoon_a
D:4:      first_ration, grunt_decor_arrowhead, uniq_pikel
D:5:      kennysheep_little_box, nemelex_xobeh_ov_fountains_minmay,
          gup_sewer_entry_glass, minmay_fire_ice_demons
D:6:      lemuel_doored_altar
D:7:      overflow_temple_1_default, lemuel_coloured_pillars_altar,
          minmay_temple_entry_trees
D:8:      kennysheep_mini, nicolae_dithmenos_shadow_blocks,
          lemuel_mausoleum_altar_kikubaaqudgha, erik_lair_dragon, serial_shops,
          nicolae_shop_overgrown_old_shop
D:9:      fedhas_altar_2, tso_oasis_becter, hangedman_fish_farm
D:10:     enter_trove_2, serial_shops, nicolae_shop_crystal,
          kennysheep_decorative_pillar, lightli_wizard_tower
D:11:     minmay_misc_feat_enclosed, hangedman_abyss_or_decor_stabs,
          hangedman_decor_peaks_small, minivault_1
D:12:     orc_0_dummy
D:13:     lightli_vaults_fourway_checkpoint, patterned_corridor
D:14:     nrook_guardian_serpent_snake_passage, basic_altar,
          nicolae_water_bricks, uniq_urug
D:15:     grunt_enter_depths_magical_seal, minmay_misc_feat_square,
          serial_shops, shop, shop, nicolae_shop_waterfront, shop,
          minmay_hedge_maze, evilmike_surprise_oklob
Depths:1: serial_shops, shop, grunt_hell_entry_dis_mu, ashenzari_altar_1,
          rand_demon_pan_entry_5, hex_large, lemuel_statue_altar
Sewer:    sewer_frog_island_02

Skill      XL: |  1  2  3  4  5  6  7  8  9 10 11 12 13 |
---------------+----------------------------------------+-----
Stealth        | 3 4 5 10 15 | 15.0
Evocations     | 6 7 8 9 11 12 14 15 | 15.0
Short Blades   | 2 5 9 10 | 10.0
Fighting       | 1 2 3 4 5 6 |  6.6
Dodging        | 4 6 8 9 10 15 | 15.5
Spellcasting   | 5 |  5.0
Hexes          | 5 |  5.0

Action                   |  1- 3 |  4- 6 |  7- 9 | 10-12 | 13-15 || total
-------------------------+-------+-------+-------+-------+-------++-------
Melee: Short sword       |    44 |       |       |       |       ||    44
       Hunting sling     |     2 |     3 |       |       |       ||     5
       Whip              |       |   165 |   439 |       |       ||   604
       Dagger            |       |       |    60 |   683 |    55 ||   798
 Fire: Hunting sling     |     2 |    89 |   224 |       |       ||   315
 Cast: Ensorcelled Hiber |       |       |       |   107 |    25 ||   132
       Tukima's Dance    |       |       |       |    12 |       ||    12
       Confuse           |       |       |       |    34 |    25 ||    59
Invok: Potion Petition   |       |       |       |     2 |       ||     2
Evoke: Wand              |     6 |    26 |    28 |    15 |    10 ||    85
  Use: Scroll            |     1 |     3 |    10 |    13 |     1 ||    28
       Potion            |       |     3 |       |       |       ||     3
 Stab: Sleeping          |       |     2 |    12 |    59 |    16 ||    89
       Paralysed         |       |     2 |       |     1 |       ||     3
       Betrayed ally     |       |       |     1 |       |       ||     1
       Distracted        |       |       |     3 |     7 |       ||    10
       Confused          |       |       |       |     8 |     8 ||    16
       Invisible         |       |       |       |    12 |       ||    12
  Eat: Ration            |     1 |     2 |     3 |    11 |       ||    17
Armor: Robe              |    13 |    33 |    27 |    30 |     5 ||   108
Dodge: Dodged            |    56 |   297 |   592 |   388 |    66 ||  1399

Table legend:
 A = Spawn XP
 B = Non-spawn XP
 C = Spawn XP percentage of total XP
 D = Spawn monster count
 E = Non-spawn monster count
 F = Spawn count percentage of total count
 G = Total turns spent on level
                    A         B        C        D         E        F      G
               +---------+---------+-------+---------+---------+-------+---------
         Total |       0 |   49701 |   0.0 |       0 |     418 |   0.0 | 21482
               +---------+---------+-------+---------+---------+-------+---------
           D:1 |       0 |      34 |   0.0 |       0 |      19 |   0.0 |  1099
           D:2 |       0 |     282 |   0.0 |       0 |      29 |   0.0 |  1361
           D:3 |       0 |     112 |   0.0 |       0 |      22 |   0.0 |   819
           D:4 |       0 |     206 |   0.0 |       0 |      10 |   0.0 |  1568
           D:5 |       0 |     671 |   0.0 |       0 |      34 |   0.0 |  1804
           D:6 |       0 |    1515 |   0.0 |       0 |      26 |   0.0 |  1290
           D:7 |       0 |    1124 |   0.0 |       0 |      22 |   0.0 |  1284
           D:8 |       0 |    2382 |   0.0 |       0 |      27 |   0.0 |  1006
           D:9 |       0 |    1303 |   0.0 |       0 |      14 |   0.0 |   748
          D:10 |       0 |    2999 |   0.0 |       0 |      35 |   0.0 |  1539
          D:11 |       0 |    1868 |   0.0 |       0 |      24 |   0.0 |  1210
          D:12 |       0 |    7812 |   0.0 |       0 |      27 |   0.0 |  2851
          D:13 |       0 |    5815 |   0.0 |       0 |      20 |   0.0 |  1297
          D:14 |       0 |   10267 |   0.0 |       0 |      31 |   0.0 |  1044
          D:15 |       0 |   11947 |   0.0 |       0 |      33 |   0.0 |  1556
      Depths:1 |       0 |    1059 |   0.0 |       0 |       2 |   0.0 |   215
         Sewer |       0 |     305 |   0.0 |       0 |      43 |   0.0 |   791
               +---------+---------+-------+---------+---------+-------+---------
